 Dungeon Crawl Stone Soup version 0.19.4 (webtiles) character file.

214 Gargoyl the Skirmisher (level 5, -5/45 (46) HPs)
             Began as a Ghoul Abyssal Knight on Feb 4, 2017.
             Was a Believer of Lugonu.
             Slain by an ogre
             ... wielding a +0 giant club
              (20 damage)
             ... on level 4 of the Dungeon.
             The game lasted 00:06:42 (2733 turns).

Gargoyl the Skirmisher (Ghoul Abyssal Knight)       Turns: 2733, Time: 00:06:43

HP:   -5/45 (46)    AC: 14    Str: 16    XL:     5   Next: 92%
MP:   6/6           EV:  7    Int:  7    God:    Lugonu [**....]
Gold: 82            SH:  0    Dex:  9    Spells: 0 memorised, 4 levels left

rFire  . . .     SeeInvis +     k - +0 war axe
rCold  + . .     Gourm    .     s - +4 chain mail
rNeg   + + +     Faith    .     (no shield)
rPois  ∞         Spirit   .     i - +0 helmet
rElec  .         Reflect  .     (no cloak)
rCorr  .         Harm     .     (no gloves)
MR     .....                    (no boots)
Stlth  ..........               (no amulet)
                                (no ring)
                                d - ring of see invisible

@: rotting
A: rotting body, claws 1, carnivore 3, cold resistance 1, negative energy
resistance 3, slow regeneration 1, torment resistance, unbreathing
a: Depart the Abyss, Bend Space, Renounce Religion


You were on level 4 of the Dungeon.
You worshipped Lugonu.
Lugonu was pleased with you.
You were not hungry.

You visited 1 branch of the dungeon, and saw 4 of its levels.
You visited the Abyss 1 time.

You collected 132 gold pieces.
You spent 50 gold pieces at shops.

Inventory:

Hand Weapons
 a - a +1 hand axe
 k - a +0 war axe (weapon)
Armour
 i - a +0 helmet (worn)
 s - a +4 chain mail (worn)
Jewellery
 d - a ring of see invisible (left claw)
Wands
 f - a wand of flame (24/48)
Scrolls
 e - a scroll of fog
 g - 3 scrolls of remove curse
 o - a scroll of teleportation
Potions
 b - a potion of berserk rage {unknown}
 j - 2 potions of might {unknown}
 m - a potion of flight {unknown}
 n - a potion of degeneration {unknown}
 p - a potion of brilliance {unknown}
 q - a potion of magic
 r - a potion of haste
Comestibles
 c - 2 meat rations
 h - 2 beef jerkies
 l - 2 slices of pizza


   Skills:
 + Level 4.2 Fighting
 + Level 3.3 Axes
 * Level 3.3 Armour
 + Level 1.4 Dodging
 * Level 2.7 Invocations


You had 4 spell levels left.
You didn't know any spells.

Dungeon Overview and Level Annotations

Branches:
Dungeon (4/15)
 Temple: D:4-7

Altars:
Nemelex Xobeh

Shops:
D:4 *


Innate Abilities, Weirdness & Mutations

Your body is rotting away.
You thrive on raw meat.
You are immune to poison.
You have sharp fingernails.
You are carnivorous and can eat meat at any time.
Your flesh is cold resistant. (rC+)
You are immune to negative energy. (rN+++)
You regenerate slowly when monsters are visible.
You are immune to unholy pain and torment.
You can survive without breathing.


Message History

Aim: an ogre, wielding a giant club The puff of flame hits the ogre.
The ogre is moderately wounded.
Evoking this partially-identified wand wasted a few charges.
The adder hisses angrily.
Zapping:
f - a wand of flame {zapped: 3} (will waste charges)
Press: ? - help, Shift-Dir - straight line, f/p - ogre
Aim: an ogre, wielding a giant club (moderately wounded)
The puff of flame misses the ogre.
Evoking this partially-identified wand wasted a few charges.
You slash the ogre!
The ogre is severely wounded.
The ogre hits you with a giant club! x2
You completely miss the ogre.
The ogre is severely wounded.
The ogre hits you with a giant club.
You barely miss the ogre.
The ogre is severely wounded.
The ogre hits you with a giant club!!
You die...

# ### .#
###########.##
######.#.###
#............#
#...†.S.....
#.#########.##
##.#..##.....
#.#
#.####.#..#.#
.## #.#
#..@OS###...#
#.#
######.#.##.#
#.# #.# .# #.#
.# .' #.# # #
##. #.# #.#
###.# #...#


You could see an ogre and an adder.

Vanquished Creatures
  A hound (D:4)
  A jelly (D:4)
  A worker ant (D:3)
  Robin (D:3)
  2 adders
  An ooze (D:2)
  An adder skeleton (D:2)
  An adder zombie (D:2)
  4 worms
  2 leopard geckos
  6 orcs (D:3)
  3 giant cockroaches
  13 goblins
  6 hobgoblins
  3 jackals (D:1)
  10 kobolds
  A quokka (D:3)
  7 bats
  3 frilled lizards
  3 rats
70 creatures vanquished.

Notes
Turn   | Place    | Note
-------+----------+-------------------------------------------
     0 | Abyss:1  | Gargoyl the Ghoul Abyssal Knight began the quest for the Orb.
     0 | Abyss:1  | Reached XP level 1. HP: 19/19 MP: 1/1
    76 | Abyss:2  | Noticed a shadow dragon skeleton
    81 | Abyss:2  | Noticed an Executioner
    81 | Abyss:2  | Noticed a large abomination
    88 | D:1      | Escaped the Abyss
   201 | D:1      | Found a sparkling altar of Nemelex Xobeh.
   290 | D:1      | Reached XP level 2. HP: 26/26 MP: 2/2
   348 | D:1      | Reached * piety under Lugonu
   783 | D:2      | Reached XP level 3. HP: 16/33 MP: 3/3
   951 | D:2      | Reached skill level 1 in Dodging
  1030 | D:2      | Reached XP level 4. HP: 32/40 MP: 4/4
  1402 | D:2      | Reached skill level 4 in Fighting
  1970 | D:3      | Noticed Robin
  1984 | D:3      | Killed Robin
  1987 | D:3      | Reached ** piety under Lugonu
  2000 | D:3      | Reached XP level 5. HP: 25/46 MP: 5/5
  2571 | D:4      | Found Pomuloing's Assorted Antiques.
  2574 | D:4      | Bought a scroll labeled DENULO KAMU for 25 gold pieces
  2574 | D:4      | Bought a scroll labeled APLEHU KEYSA for 25 gold pieces
  2718 | D:4      | Noticed an ogre
  2733 | D:4      | Slain by an ogre

Skill      XL: |  1  2  3  4  5 |
---------------+----------------+-----
Armour         | 2 3 |  3.3
Axes           | 2 3 |  3.3
Dodging        | 1 |  1.4
Fighting       | 4 |  4.2
Invocations    | |  2.7

Action                   |  1- 3 |  4- 6 || total
-------------------------+-------+-------++-------
Melee: Hand axe          |   124 |    36 ||   160
       War axe           |       |   123 ||   123
Invok: Depart the Abyss  |     1 |       ||     1
Evoke: Wand              |       |     2 ||     2
  Use: Scroll            |     4 |     4 ||     8
       Potion            |     2 |       ||     2
  Eat: Chunk             |    16 |    31 ||    47
Armor: Leather armour    |    48 |    15 ||    63
       Ring mail         |       |    15 ||    15
       Chain mail        |       |    32 ||    32
Dodge: Dodged            |    95 |    94 ||   189
